 Dungeon Crawl Stone Soup version 0.29.1-1-gd02db6906a (webtiles) character file.

Game seed: 13230449928001219120

23 warriortoast the Conjurer (level 2, -3/15 HPs)
             Began as a Deep Elf Conjurer on Oct 18, 2022.
             Slain by an iguana (6 damage)
             ... on level 4 of the Dungeon.
             The game lasted 00:02:13 (943 turns).

warriortoast the Conjurer (Deep Elf Conjurer)        Turns: 943, Time: 00:02:14

Health: -3/15      AC:  3    Str:  4    XL:     2   Next: 72%
Magic:  8/8        EV: 12    Int: 22    God:
Gold:   76         SH:  0    Dex: 13    Spells: 7/8 levels left

rFire   . . .      SeeInvis .   (no weapon)
rCold   . . .      Faith    .   (no shield)
rNeg    . . .      Spirit   .   a - +0 robe
rPois   .          Reflect  .   (no helmet)
rElec   .          Harm     .   f - +0 cloak
rCorr   .          Rampage  .   (no gloves)
Will    .....                   (no boots)
Stlth   ++........              (no amulet)
HPRegen 0.05/turn               (no ring)
MPRegen 0.11/turn               (no ring)

@: no status effects
A: no striking features
a: no special abilities


You were on level 4 of the Dungeon.
You visited 1 branch of the dungeon, and saw 3 of its levels.

You collected 76 gold pieces.

Inventory:

Armour
 a - a +0 robe (worn)
 f - a +0 cloak (worn)
Scrolls
 e - a scroll of magic mapping {unknown}
 g - a scroll of identify {unknown}
Potions
 b - a potion of magic
 c - 4 potions of curing {unknown}
 d - a potion of invisibility {unknown}
 h - a potion of might {unknown}


   Skills:
 - Level 2.4 Dodging
 - Level 2.4 Stealth
 + Level 3.9 Spellcasting
 + Level 4.9 Conjurations


You had 7 spell levels left.
You knew the following spells:

 Your Spells              Type           Power      Damage    Failure   Level
a - Magic Dart            Conj           100%       1d8       1%          1

Your spell library contained the following spells:

 Spells                   Type           Power      Damage    Failure   Level
 Searing Ray              Conj           50%        2d6       2%          2
 Dazzling Flash           Conj/Hex       30%        N/A       12%         3
 Fulminant Prism          Conj/Hex       7%         3d7       38%         4
 Iskenderun's Mystic Bla  Conj/Tloc      15%        2d5       38%         4
 Dispersal                Tloc           2%         N/A       100%        6
 Disjunction              Tloc           2%         N/A       100%        8


Dungeon Overview and Level Annotations

Branches:
Dungeon (2/15)

Altars:

Shops:
D:1 [


Message History

You open the door.
There is an open door here.
c - 4 cyan potions (gained 1)
There is an open door here.
You open the door.
There is an open door here.
There is an open door here.
You open the door.
There is an open door here.
You now have 67 gold pieces (gained 7).
You now have 76 gold pieces (gained 9).
Found a stone staircase leading down.
You open the door.
A hobgoblin comes into view.
There is an open door here.
The magic dart hits the hobgoblin.
The hobgoblin is heavily wounded.
The hobgoblin shouts!
The magic dart hits the hobgoblin.
You kill the hobgoblin!
You can't see any susceptible monsters within range! (Use Z to cast anyway.)
You can't see any susceptible monsters within range! (Use Z to cast anyway.) Magic restored.
Found a pair of boots.
Found a hand axe.
Found a stone staircase leading up.
An iguana comes into view.
The iguana hisses angrily.
You see here a +0 pair of boots.
The iguana attacks as you move away! The iguana closely misses you.
The iguana attacks as you move away!
The iguana bites you but does no damage.
The iguana closely misses you. The iguana attacks as you move away!
The iguana misses you.
There is a stone staircase leading down here.
The iguana attacks as you move away! The iguana bites you!
Ouch! That really hurt!
* * * LOW HITPOINT WARNING * * *
The iguana attacks as you move away! The iguana bites you.
You die...

#####.....#....# #........
#..##.....#....+ #........
#.........#....# #........
#..########....####........
#..#...............[...<#
#..#....................#
#..'....................#
#..#....................#
#####.......@l>..........#
#.......##'###############
#.......#.........
#.......#.........
#.......#.........
#.......#.........
#.......##########
#########


You could see an iguana.

Vanquished Creatures
  A dart slug (D:1)
  2 endoplasms (D:1)
  A giant cockroach (D:1)
  A goblin (D:1)
  2 hobgoblins
  2 kobolds (D:1)
  3 quokkas (D:1)
  2 bats (D:1)
  5 frilled lizards (D:1)
19 creatures vanquished.

Notes
Turn   | Place    | Note
-------+----------+-------------------------------------------
     0 | D:1      | warriortoast the Deep Elf Conjurer began the quest for the
                  | Orb.
     0 | D:1      | Reached XP level 1. HP: 10/10 MP: 6/6
    18 | D:1      | Found Dekkux's Armour Emporium.
   170 | D:1      | Reached XP level 2. HP: 15/15 MP: 4/8
   554 | D:1      | Found a faded altar of an unknown god.
   837 | D:2      | You fall into a shaft and drop 2 floors!
   943 | D:4      | Slain by an iguana

Illustrated notes

Levels and vault maps discovered:
D:1:      roderic_dead_forest, layout_rooms,
          dreamdust_ecumenical_altar_angels_and_demons, serial_shops, shop,
          hex_intersection
D:2:      layout_basic
D:4:      layout_gridville, nicolae_shop_firing_range

Action                   || total
-------------------------++-------
 Cast: Magic Dart        ||    40
Armor: Robe              ||     2
Dodge: Dodged            ||     5
